Map: Ultralove

Players

Lambo - Winner!

  • Race: Zerg Zerg
  • Spawn Location: 7:00

LiquidMaNa (MaNa)

  • Race: Protoss Protoss
  • League: Grandmaster
  • Spawn Location: 1:00

Event: HomeStory Cup XXVII

VOD

Have the link to the VOD?

Description

Time

  • Played on: June 27, 2025, 7:49 a.m.
  • Length: 9:38

All games in this series

Show
View Real Time Build Order
Export as new Build Order

Lambo Zerg - Winner!

Build Orders: Pool First 

Get SALT Encoding   

  12  0:00  Drone  
  13  0:08  Drone  
  14  0:14  Drone, Extractor  
  14  0:21  Overlord  
  15  0:35  Spawning Pool  
  14  0:39  Drone  
  15  0:43  Drone  
  15  0:46  Drone  
  17  1:05  Hatchery  
  17  1:08  Drone  
  17  1:22  Zergling x2, Drone  
  19  1:26  Queen  
  19  1:27  Extractor  
  19  1:32  Drone  
  21  1:41  Overlord  
  21  1:47  Drone  
  22  2:01  Hatchery  
  21  2:02  Drone  
  22  2:12  Queen  
  24  2:16  Drone  
  24  2:21  Drone  
  26  2:26  Drone  
  26  2:27  Drone  
  28  2:31  Zergling x2  
  28  2:33  Drone  
  28  2:35  Drone  
  31  2:41  Metabolic Boost  
  31  2:45  Zergling x2  
  31  2:49  Overlord  
  32  2:53  Drone  
  32  2:54  Drone  
  32  2:56  Drone  
  35  3:00  Drone  
  36  3:08  Drone  
  36  3:11  Queen  
  38  3:13  Drone x3  
  38  3:17  Overlord  
  41  3:22  Zergling x2  
  41  3:23  Zergling x2  
  41  3:26  Spore Crawler  
  42  3:29  Drone, Spore Crawler  
  42  3:30  Drone  
  42  3:32  Drone  
  42  3:34  Drone  
  45  3:37  Overlord  
  45  3:42  Drone  
  45  3:45  Queen  
  48  3:52  Drone x4  
  52  3:56  Overlord  
  52  3:58  Drone  
  52  4:04  Drone x3  
  52  4:08  Drone x3  
  56  4:10  Drone  
  56  4:15  Queen  
  59  4:18  Drone  
  59  4:23  Overlord  
  62  4:24  Drone x2  
  62  4:25  Drone  
  62  4:28  Drone x2  
  62  4:30  Overlord  
  65  4:32  Drone  
  65  4:36  Drone x3  
  69  4:42  Roach Warren  
  68  4:46  Lair  
  68  4:47  Overlord  
  68  4:48  Extractor  
  68  4:49  Zergling x4  
  68  4:50  Zergling x2  
  68  4:52  Drone  
  71  4:55  Drone x2, Extractor  
  71  4:56  Drone, Extractor  
  72  5:00  Drone x3, Extractor  
  72  5:05  Drone x2  
  72  5:06  Drone  
  77  5:07  Overlord  
  77  5:09  Overlord  
  77  5:15  Overlord  
  77  5:18  Overlord  
  77  5:21  Overlord x2  
  77  5:23  Extractor  
  77  5:24  Roach  
  77  5:25  Roach x2  
  77  5:28  Roach  
  84  5:32  Roach x3  
  89  5:38  Roach x4  
  89  5:42  Roach x2  
  101  5:46  Glial Reconstitution  
  101  5:47  Pneumatized Carapace  
  103  5:50  Roach  
  103  5:53  Overlord  
  103  5:59  Roach x4  
  109  6:06  Zergling x14  
  109  6:11  Zergling x4  
  118  6:15  Spore Crawler  
  117  6:19  Zergling x12  
  117  6:21  Ravager x3  
  117  6:22  Ravager x3  
  117  6:25  Zergling x4  
  130  6:31  Zergling x2  
  130  6:33  Ravager  
  130  6:36  Roach x4  
  136  6:42  Zergling x4  
  133  6:50  Zergling x10  
  133  6:52  Ravager  
  133  6:53  Ravager  
  136  6:56  Queen x2  
  136  7:00  Spire  
  139  7:02  Drone x3  
  139  7:08  Drone x2  
  141  7:14  Drone  
  142  7:19  Drone x2  
  137  7:31  Drone x6  
  137  7:34  Evolution Chamber  
  139  7:48  Hatchery  
  138  7:55  Roach x4  
  146  8:02  Roach  
  146  8:11  Zergling x4  
  145  8:13  Overlord  
  145  8:14  Overlord  
  145  8:17  Overlord  
  145  8:21  Overlord  
  143  8:27  Overlord  
  140  8:40  Queen  
  141  8:41  Drone  
  141  8:44  Mutalisk x13  
  166  8:52  Roach x5  
  173  8:57  Zergling x4  
  173  9:02  Roach x4  
  183  9:09  Extractor  
  172  9:11  Roach x4  
  172  9:12  Extractor  
  172  9:16  Zergling x4  
Show
View Real Time Build Order
Export as new Build Order

LiquidMaNa Protoss 

Build Orders: 1 Gate Expand, Oracle Opening, Archon Immortal 

Get SALT Encoding   

  12  0:00  Probe  
  13  0:12  Probe  
  14  0:19  Pylon  
  14  0:24  Probe  
  15  0:33  Probe  
  15  0:41  Probe  
  16  0:44  Gateway  
  17  0:50  Assimilator  
  17  0:51  Probe  
  18  1:03  Probe  
  19  1:15  Probe  
  20  1:31  Cybernetics Core, Probe  
  21  1:42  Nexus  
  21  1:49  Pylon  
  21  1:51  Probe  
  22  1:57  Assimilator, Adept  
  22  2:03  Probe  
  25  2:16  Probe  
  25  2:18  Adept  
  25  2:21  Stargate  
  26  2:29  Probe  
  29  2:35  Warp Gate  
  29  2:41  Probe  
  30  2:54  Oracle, Probe  
  30  2:55  Probe  
  35  3:06  Probe  
  35  3:07  Probe  
  37  3:18  Probe  
  37  3:19  Probe  
  39  3:30  Probe  
  39  3:31  Oracle, Probe  
  44  3:37  Nexus  
  44  3:42  Probe  
  44  3:43  Pylon, Probe  
  46  4:00  Probe  
  46  4:01  Probe  
  46  4:02  Gateway  
  48  4:08  Probe  
  46  4:13  Probe  
  46  4:17  Forge, Probe, Twilight Council  
  46  4:23  Stalker  
  49  4:25  Pylon, Probe  
  49  4:27  Probe  
  51  4:31  Robotics Facility  
  51  4:36  Assimilator  
  51  4:37  Probe  
  52  4:39  Probe  
  52  4:42  Assimilator  
  53  4:49  Probe, Zealot  
  53  4:50  Protoss Ground Weapons Level 1  
  53  4:51  Probe  
  57  4:52  Charge  
  57  4:55  Gateway, Probe  
  58  5:01  Gateway, Probe  
  59  5:08  Immortal  
  59  5:10  Probe  
  57  5:15  Probe  
  57  5:17  Zealot x2  
  66  5:23  Probe x2  
  66  5:26  Gateway  
  68  5:32  Probe  
  65  5:37  Adept  
  65  5:38  Probe x2  
  66  5:45  Immortal, Probe  
  66  5:48  Gateway  
  67  5:50  Probe x2  
  74  5:57  Probe  
  74  6:02  Probe  
  74  6:04  Templar Archives  
  74  6:20  Photon Cannon  
  74  6:22  Shield Battery  
  74  6:23  Shield Battery  
  74  6:27  Pylon  
  74  6:28  Pylon  
  74  6:34  Zealot  
  74  6:37  Pylon  
  74  6:39  Zealot  
  76  6:42  Warp Prism  
  72  6:51  Zealot x4  
  74  7:00  Photon Cannon  
  69  7:03  High Templar x2  
  72  7:10  Archon  
  72  7:11  High Templar x2  
  72  7:13  Psionic Storm, Pylon  
  76  7:15  Pylon, Archon  
  76  7:18  Pylon  
  76  7:19  Shield Battery  
  76  7:23  Immortal  
  76  7:29  Stalker x2  
  74  7:33  Probe  
  77  7:37  Shield Battery  
  77  7:38  Stalker x2  
  81  7:48  High Templar  
  81  7:49  Zealot  
  85  7:57  Zealot x2  
  88  8:00  Immortal  
  88  8:17  Phoenix  
  90  8:20  High Templar  
  90  8:21  Zealot  
  90  8:28  Zealot x2  
  92  8:44  Phoenix  
  94  8:54  Zealot  
  94  8:59  Pylon  
  94  9:08  Observer  
  90  9:12  Nexus  
  90  9:14  Zealot x5  
  93  9:22  Archon  
Tags
 
Add a new tag
Caveats
  • Supply blocks, unpowered buildings, or Contaminate may cause inaccurate times.
  • Supply counts are checked every 10 seconds.